 Dungeon Crawl Stone Soup version 0.19.0-11-g3fc08b3 (webtiles) character file.

23307 mistymad the Fighter (level 13, -3/130 HPs)
             Began as a Naga Transmuter on Nov 8, 2016.
             Slain by a skeletal warrior
             ... wielding a +0 battleaxe
             ... led by a skeletal warrior
              (17 damage)
             ... on level 12 of the Dungeon.
             The game lasted 00:45:44 (18047 turns).

mistymad the Fighter (Naga Transmuter)             Turns: 18047, Time: 00:45:45

Health: -3/130     AC: 19    Str: 17    XL:     13   Next: 5%
Magic:  0/23       EV:  8    Int: 17    God:
Gold:   387        SH:  0    Dex: 14    Spells: 3 memorised, 16 levels left

rFire  + . .     SeeInvis +       - Unarmed
rCold  . . .     Gourm    .     b - +0 robe
rNeg   . . .     Faith    .     (no shield)
rPois  +         Spirit   +     t - +1 helmet
rElec  .         Reflect  .     R - +2 cloak "Lettool" {Str+3}
rCorr  .         Harm     .     K - +0 pair of gloves
MR     ++...                    x - +2 naga barding {Fly}
Stlth  +.........               i - amulet of guardian spirit
                                G - ring of protection from magic
                                e - ring of protection from fire

@: very slow
A: yellow scales 1, see invisible, agile 1, deformed body, poison resistance,
slowness 2, slow metabolism 1, spit poison 1, constrict 1, AC +4
a: Spit Poison, Evoke Flight


You were on level 12 of the Dungeon.
You were near starving.

You visited 1 branch of the dungeon, and saw 12 of its levels.
You also visited: Sewer, Ossuary and Bailey.

You collected 748 gold pieces.
You spent 361 gold pieces at shops.

Inventory:

Hand Weapons
 V - a +0 blowgun
Missiles
 a - 139 arrows
 W - 2 curare-tipped needles
Armour
 b - a +0 robe (worn)
 t - a +1 helmet (worn)
 x - a +2 naga barding of flying (worn)
 K - a +0 pair of gloves (worn)
 R - the +2 cloak "Lettool" (worn) {Str+3}
   (You bought it in a shop on level 10 of the Dungeon)

   It affects your strength (+3).
 S - a +0 shield
Jewellery
 e - a ring of protection from fire (left hand)
 f - an uncursed ring of resist corrosion
 i - an amulet of guardian spirit (around neck)
 o - an uncursed ring of protection from fire
 G - a ring of protection from magic (right hand)
 O - a +6 ring of intelligence
 P - an uncursed ring of protection from cold
Wands
 y - a wand of acid (6/15)
 z - a wand of polymorph (5/24)
 N - a wand of flame (21/48)
 U - a wand of lightning (10/15)
Scrolls
 n - 3 scrolls of remove curse
 q - a scroll of recharging {unknown}
 r - 3 scrolls of amnesia
 v - a scroll of identify
 C - 2 scrolls of magic mapping
 E - 2 scrolls of teleportation
 H - 3 scrolls of enchant armour
 M - a scroll of fog
Potions
 g - 2 potions of resistance
 j - 3 potions of might
 k - 5 potions of curing
 l - 6 potions of magic
 m - 5 potions of flight
 p - 3 potions of heal wounds
 s - a potion of lignification
 u - 2 potions of brilliance
 w - 3 potions of haste
 A - a potion of cancellation {unknown}
 B - a potion of cure mutation {unknown}
 D - a potion of berserk rage {unknown}
 J - a potion of ambrosia {unknown}
 Q - a potion of invisibility {unknown}
Books
 c - a book of Changes

   Spells                             Type                      Level
   a - Beastly Appendage              Transmutation                1
   b - Sticks to Snakes               Transmutation                2
   c - Spider Form                    Transmutation/Poison         3
   d - Ice Form                       Ice/Transmutation            4
   e - Blade Hands                    Transmutation                5
 F - a book of Flames

   Spells                             Type                      Level
   a - Flame Tongue                   Conjuration/Fire             1
   b - Throw Flame                    Conjuration/Fire             2
   c - Conjure Flame                  Conjuration/Fire             3
   d - Inner Flame                    Hexes/Fire                   3
   e - Sticky Flame                   Conjuration/Fire             4
   f - Fireball                       Conjuration/Fire             5
 I - a Young Poisoner's Handbook

   Spells                             Type                      Level
   a - Sting                          Conjuration/Poison           1
   b - Mephitic Cloud                 Conjuration/Poison/Air       3
   c - Olgreb's Toxic Radiance        Poison                       4
   d - Alistair's Intoxication        Transmutation/Poison         5
   e - Venom Bolt                     Conjuration/Poison           5
Comestibles
 d - 9 bread rations
 h - 2 beef jerkies
 L - 20 fruits


   Skills:
 + Level 12.5 Fighting
 - Level 1.5 Dodging
 + Level 11.0 Unarmed Combat
 + Level 7.2 Spellcasting
 + Level 10.7 Transmutations


You had 16 spell levels left.
You knew the following spells:

 Your Spells              Type           Power        Failure   Level  Hunger
a - Blade Hands           Tmut           #####.....   4%          5    #####..
b - Sticks to Snakes      Tmut           #####...     1%          2    None
c - Spider Form           Tmut/Pois      ###.......   4%          3    ##.....


Dungeon Overview and Level Annotations

Branches:
Dungeon (12/15)            Temple (0/1) D:4            Lair (0/6) D:11
    Orc (0/2) D:10

Altars:
Ashenzari
Cheibriados
Elyvilon
Fedhas
Kikubaaqudgha
Makhleb
Nemelex Xobeh
Okawaru
Qazlal
Sif Muna
Xom
Zin

Shops:
D:10 =[

Annotations:
D:6 5 runed doors
D:10 exclusions: obsidian statue and orange crystal statue
D:12 exclusion: orange crystal statue


Innate Abilities, Weirdness & Mutations

You cannot wear boots.
Your serpentine skin is tough. (AC +4)
You have supernaturally acute eyesight. (SInv)
Armour fits poorly on your strangely shaped body.
Your system is resistant to poisons. (rPois)
You cover ground very slowly.
You have a slow metabolism.
You can spit poison.
You can use your snake-like lower body to constrict enemies.
You are partially covered in yellow scales. (AC +2)
You are agile. (Dex +2)


Message History

The skeletal warrior is severely damaged.
The skeletal warrior hits you with a battleaxe.
* * * LOW HITPOINT WARNING * * *
You take 4 damage, and have 20/195 hp.
You now have 4/23 mp.
You barely miss the skeletal warrior.
The skeletal warrior is severely damaged.
The skeletal warrior hits you but does no damage.
You hit the skeletal warrior but do no damage.
Your punch misses the skeletal warrior.
The skeletal warrior is severely damaged.
You barely miss the skeletal warrior.
The skeletal warrior is severely damaged.
You feel less woody.
The +2 cloak "Lettool" {Str+3} unmelds from your body.
Your +1 helmet unmelds from your body.
Your +0 pair of gloves unmelds from your body.
Your +2 naga barding of flying unmelds from your body.
Your +0 robe unmelds from your body.
The skeletal warrior hits you with a battleaxe!!
You die...

#################################
...............z@................
.....)........####.#######.......
.##..######...# #.# #....... #..
#...# #.# #....... #.. #...# #.#
#....... #.. #...# #.# #.>.....
#z. #...# #.# #....... #.. #...#
#.# #....... #.. #...# #.......


You could see a skeletal warrior.

Vanquished Creatures
  The ghost of Zebulonius the Severer, a journeyman MiBe of Trog (Bailey)
  Urug (D:11)
  2 skeletal warriors (D:12)
  An orc knight (Bailey)
  A cyclops (D:11)
  A spiny frog (D:12)
  A komodo dragon (D:12)
  A troll (D:11)
  2 two-headed ogres
  The ghost of mistymad the Ruffian, an amateur NaTm (D:4)
  A hippogriff (D:11)
  A vampire (D:12)
  A wraith (D:11)
  A hill giant zombie (D:10)
  14 yaks
  A steam dragon (D:11)
  Grum (D:11)
  A water moccasin (D:9)
  2 black bears
  An ice beast (D:11)
  4 sky beasts
  12 orc warriors
  A necrophage (D:9)
  2 phantoms (D:10)
  4 wolves (D:11)
  13 ogres
  3 centaurs
  A crocodile (D:9)
  4 big kobolds
  An elf zombie (Ossuary)
  5 bullfrogs
  2 scorpions
  6 killer bees (D:9)
  A troll zombie (D:10)
  5 howler monkeys
  8 crimson imps
  A bullfrog zombie (D:11)
  2 centaur zombies (Ossuary)
  5 orc priests
  11 orc wizards
  2 bullfrog skeletons
  7 hounds
  A jelly (D:8)
  A centaur skeleton (D:10)
  Terence (D:2)
  4 iguanas
  5 worker ants
  9 ogre zombies
  A hound skeleton (D:4)
  6 mummies (Ossuary)
  2 worker ant zombies
  Robin (D:2)
  3 gnolls (D:4)
  A howler monkey skeleton (D:6)
  21 adders
  4 adder zombies
  4 worms
  2 dart slugs (D:1)
  6 leopard geckos
  46 orcs
  9 ball pythons
  5 giant cockroaches
  13 goblins
  9 hobgoblins
  17 jackals
  4 quokkas
  7 bats
  7 frilled lizards
  A goblin skeleton (D:10)
  2 goblin zombies
  2 hobgoblin skeletons (D:10)
  10 hobgoblin zombies
  24 kobolds
  7 kobold zombies (Ossuary)
  A leopard gecko skeleton (D:8)
  6 orc skeletons (D:10)
  13 orc zombies (D:10)
  A quokka skeleton (D:6)
  2 quokka zombies (Ossuary)
  6 rats
  3 rat zombies (Ossuary)
  2 plants (Sewer)
405 creatures vanquished.

Vanquished Creatures (collateral kills)
  A manticore (D:11)
  Edmund (D:5)
  A hound (D:4)
  A mummy (Ossuary)
4 creatures vanquished.

Vanquished Creatures (others)
  7 fungi (D:5)
7 creatures vanquished.

Grand Total: 416 creatures vanquished

Notes
Turn   | Place    | Note
-------+----------+-------------------------------------------
     0 | D:1      | mistymad the Naga Transmuter began the quest for the Orb.
     0 | D:1      | Reached XP level 1. HP: 18/18 MP: 3/3
   255 | D:1      | Reached XP level 2. HP: 25/25 MP: 5/5
   896 | D:1      | Reached XP level 3. HP: 28/31 MP: 6/6
   923 | D:1      | Learned a level 2 spell: Sticks to Snakes
   927 | D:1      | Learned a level 3 spell: Spider Form
  1238 | D:2      | Found a faded altar of an unknown god.
  1277 | D:2      | Noticed Terence
  1290 | D:2      | Killed Terence
  1319 | D:2      | Reached XP level 4. HP: 38/38 MP: 6/8
  1461 | D:2      | Found a sparkling altar of Nemelex Xobeh.
  1591 | D:2      | Noticed Robin
  1628 | D:2      | Killed Robin
  2178 | D:3      | Reached XP level 5. HP: 43/44 MP: 4/9
  2638 | D:4      | Noticed mistymad's ghost (amateur NaTm)
  2657 | D:5      | Entered Level 5 of the Dungeon
  2880 | D:4      | Killed mistymad's ghost
  2880 | D:4      | Reached skill level 5 in Unarmed Combat
  2880 | D:4      | Reached XP level 6. HP: 16/51 MP: 8/10
  3075 | D:4      | Reached skill level 5 in Transmutations
  3075 | D:4      | Reached XP level 7. HP: 47/57 MP: 4/11
  3242 | D:4      | Found a glowing drain.
  3286 | Sewer    | Entered a sewer
  3670 | Sewer    | Learned a level 5 spell: Blade Hands
  4184 | D:4      | Found a burning altar of Makhleb.
  4307 | D:4      | Found a staircase to the Ecumenical Temple.
  4361 | D:4      | Reached skill level 2 in Fighting
  4380 | D:4      | HP: 3/60 [poisoned by a worker ant]
  5206 | D:5      | Reached XP level 8. HP: 58/68 MP: 11/13
  5332 | D:5      | Noticed Edmund
  5349 | D:5      | Killed Edmund
  5532 | D:5      | Found a deep blue altar of Sif Muna.
  5643 | D:5      | Reached skill level 3 in Fighting
  6496 | D:6      | Found a sand-covered staircase.
  6509 | Ossuary  | Entered an ossuary
  6704 | Ossuary  | Reached skill level 4 in Fighting
  7006 | Ossuary  | Reached XP level 9. HP: 61/78 MP: 11/15
  7338 | D:6      | Found a white marble altar of Elyvilon.
  7517 | D:6      | Reached skill level 5 in Fighting
  7813 | D:6      | Found a runed door.
  7814 | D:6      | Found a runed gate.
  7845 | D:6      | Found a runed door.
  7875 | D:6      | Found a runed gate.
  7886 | D:6      | Found a runed gate.
  8519 | D:7      | Found a sparkling altar of Nemelex Xobeh.
  9237 | D:8      | Reached skill level 6 in Fighting
  9300 | D:8      | Found an iron altar of Okawaru.
  9326 | D:8      | Found a snail-covered altar of Cheibriados.
  9686 | D:8      | Reached XP level 10. HP: 73/92 MP: 13/16
 10853 | D:9      | Reached skill level 7 in Fighting
 11566 | D:9      | Found a shattered altar of Ashenzari.
 11566 | D:9      | Found a blossoming altar of Fedhas.
 11566 | D:9      | Found a glowing silver altar of Zin.
 11566 | D:9      | Found a shimmering altar of Xom.
 11572 | D:9      | Found a stormy altar of Qazlal.
 11572 | D:9      | Found an ancient bone altar of Kikubaaqudgha.
 11612 | D:10     | Entered Level 10 of the Dungeon
 11743 | D:10     | Found a staircase to the Orcish Mines.
 12472 | D:9      | Reached skill level 5 in Spellcasting
 12730 | D:10     | Reached skill level 8 in Fighting
 12897 | D:10     | Reached XP level 11. HP: 70/103 MP: 5/18
 13086 | D:10     | Found Beniun's Antique Armour Emporium.
 13115 | D:10     | Bought a slimy cloak for 361 gold pieces
 13115 | D:10     | Identified a scroll of acquirement
 13138 | D:10     | Identified the +2 cloak "Lettool" {Str+3} (You bought it in a shop on level 10 of the Dungeon)
 13257 | D:10     | Reached skill level 10 in Unarmed Combat
 13448 | D:10     | Found Lapnupue's Jewellery Shop.
 13523 | D:10     | Noticed an obsidian statue
 13523 | D:10     | Noticed an orange crystal statue
 13886 | D:11     | Noticed a cyclops
 13895 | D:11     | Killed a cyclops
 13962 | D:11     | Found a flagged portal.
 13981 | D:11     | Noticed Grum
 13985 | D:11     | Reached skill level 10 in Transmutations
 13993 | Bailey   | Entered a bailey
 14325 | Bailey   | Noticed Zebulonius's ghost (journeyman MiBe)
 14342 | Bailey   | Killed Zebulonius's ghost
 15792 | Bailey   | Noticed an orc knight
 16095 | Bailey   | Killed an orc knight
 16095 | Bailey   | Reached skill level 9 in Fighting
 16372 | Bailey   | Reached skill level 12 in Fighting
 16372 | Bailey   | Reached XP level 12. HP: 122/122 MP: 21/21
 16459 | D:11     | Killed Grum
 16710 | D:11     | Found a staircase to the Lair.
 16831 | D:11     | Noticed Urug
 16845 | D:11     | Killed Urug
 17606 | D:12     | Noticed Sonja
 17607 | D:12     | Noticed Sonja
 17607 | D:12     | Sonja changed into Sonja the spiny frog
 17612 | D:12     | Killed Sonja the spiny frog
 17770 | D:12     | Gained mutation: You are partially covered in yellow scales. (AC +2) [potion of beneficial mutation]
 17771 | D:12     | Gained mutation: You are agile. (Dex +2) [potion of beneficial mutation]
 18023 | D:12     | Gained mutation: You can use your snake-like lower body to constrict enemies. [Naga growth]
 18023 | D:12     | Reached XP level 13. HP: 62/130 MP: 6/23
 18047 | D:12     | Slain by a skeletal warrior

Skill      XL: |  1  2  3  4  5  6  7  8  9 10 11 12 |
---------------+-------------------------------------+-----
Transmutations | 3 4 5 6 8 9 10 | 10.7
Spellcasting   | 3 4 5 6 7 |  7.2
Unarmed Combat | 4 5 7 8 9 10 11 | 11.0
Fighting       | 2 4 6 8 12 | 12.5
Dodging        | |  1.5

Action                   |  1- 3 |  4- 6 |  7- 9 | 10-12 | 13-15 || total
-------------------------+-------+-------+-------+-------+-------++-------
Melee: Unarmed           |    72 |   169 |   580 |   507 |    23 ||  1351
       Headbutt          |     3 |       |       |       |       ||     3
       Punch             |       |     1 |     2 |    21 |     1 ||    25
 Fire: Blowgun           |       |       |       |     7 |       ||     7
 Cast: Beastly Appendage |     4 |       |       |       |       ||     4
       Spider Form       |     1 |    14 |    61 |     9 |       ||    85
       Sticks to Snakes  |       |     1 |     9 |     7 |       ||    17
       Blade Hands       |       |       |       |    43 |       ||    43
 Abil: Spit Poison       |    19 |    11 |    13 |    15 |       ||    58
       End Transformatio |     1 |       |       |       |       ||     1
       Stop Flying       |       |       |       |     1 |       ||     1
Evoke: Wand              |       |       |       |     1 |       ||     1
  Use: Scroll            |       |     6 |     7 |    16 |       ||    29
       Potion            |       |       |     2 |     6 |       ||     8
 Stab: Sleeping          |     1 |       |     2 |     2 |       ||     5
       Distracted        |       |       |       |     1 |       ||     1
  Eat: Chunk             |     2 |     5 |    19 |    26 |       ||    52
       Bread ration      |       |     1 |       |       |       ||     1
       Meat ration       |       |       |     1 |     1 |       ||     2
       Fruit             |       |       |       |     4 |       ||     4
Armor: Robe              |     7 |    50 |    35 |   193 |       ||   285
       Skin              |       |     7 |    37 |     2 |     6 ||    52
Dodge: Dodged            |    41 |   148 |   434 |   236 |       ||   859
